Map: Crête de Lerilak

Players

Slugmaster

  • Race: Zerg Zerg
  • League: Gold
  • Spawn Location: 11:00

zidar - Winner!

  • Race: Zerg Zerg
  • League: Silver
  • Spawn Location: 7:00

VOD

Have the link to the VOD?

Description

Time

  • Played on: Jan. 3, 2016, 10:38 a.m.
  • Length: 7:00
Show
View Real Time Build Order
Export as new Build Order

Slugmaster Zerg 

Build Orders: Hatch First 

Get SALT Encoding   

  12  0:13  Drone  
  12  0:14  Overlord  
  13  0:19  Drone  
  14  0:41  Drone  
  14  0:42  Drone  
  16  0:47  Drone  
  17  1:02  Hatchery  
  16  1:10  Drone x2  
  18  1:19  Spawning Pool  
  18  1:22  Extractor  
  18  1:25  Drone  
  17  1:34  Drone  
  18  1:40  Overlord  
  18  1:50  Drone  
  19  2:13  Baneling Nest  
  19  2:14  Zergling x4  
  20  2:22  Drone x2  
  22  2:23  Queen  
  22  2:24  Queen  
  22  2:28  Drone  
  27  2:45  Drone  
  27  2:46  Drone x2  
  27  2:49  Metabolic Boost  
  27  2:51  Drone  
  31  3:13  Roach Warren  
  31  3:17  Spine Crawler  
  31  3:18  Drone x5  
  31  3:19  Overlord  
  34  3:36  Drone x2  
  34  3:37  Lair  
  36  3:43  Spine Crawler  
  36  3:46  Drone  
  36  3:47  Drone x2  
  38  3:56  Baneling  
  38  3:57  Baneling  
  38  3:59  Roach x2  
  38  4:00  Zergling x4  
  21  4:36  Roach  
  21  4:37  Zergling x12  
  21  4:38  Zergling x4  
  20  4:54  Drone  
  20  4:55  Drone  
  22  5:10  Drone x3  
  18  6:01  Zergling x12  
  24  6:15  Drone x2  
  26  6:32  Zergling x4  
Show
View Real Time Build Order
Export as new Build Order

zidar Zerg - Winner!

Build Orders: Pool First 

Get SALT Encoding   

  12  0:02  Drone  
  13  0:12  Overlord  
  13  0:17  Drone  
  14  0:30  Drone x2  
  16  0:38  Drone  
  17  0:47  Spawning Pool  
  16  0:50  Drone  
  16  0:56  Drone  
  18  1:18  Hatchery  
  17  1:21  Extractor, Drone  
  17  1:34  Queen  
  17  1:39  Overlord  
  19  1:47  Drone  
  19  1:48  Drone  
  21  1:56  Drone  
  22  2:16  Baneling Nest  
  22  2:19  Queen  
  23  2:28  Zergling x4  
  23  2:29  Zergling x2  
  25  2:49  Metabolic Boost  
  25  2:53  Zergling x10  
  25  2:54  Zergling x2  
  31  3:00  Overlord  
  31  3:28  Roach Warren  
  30  3:46  Zergling x18  
  29  4:36  Roach x6  
  29  4:37  Roach x2  
  37  5:11  Roach  
  37  5:12  Roach x2  
  43  5:26  Overlord x2  
  23  5:59  Ravager x2  
  25  6:05  Ravager  
  26  6:12  Zergling x2  
  26  6:13  Zergling x18  
  37  6:25  Drone  
Tags
 
Add a new tag
Caveats
  • Supply blocks, unpowered buildings, or Contaminate may cause inaccurate times.
  • Supply counts are checked every 10 seconds.